 Dungeon Crawl Stone Soup version 0.21-a0-442-g848f44b (webtiles) character file.

5 slep the Skirmisher (level 1, -1/18 HPs)
             Began as a Demonspawn Wanderer on Nov 15, 2017.
             Slain by a kobold
             ... wielding a +0 dagger
              (6 damage)
             ... on level 1 of the Dungeon.
             The game lasted 00:00:26 (25 turns).

slep the Skirmisher (Demonspawn Wanderer)             Turns: 25, Time: 00:00:27

Health: -1/18      AC:  2    Str: 11    XL:     1   Next: 66%
Magic:  3/3        EV: 11    Int: 14    God:
Gold:   0          SH:  0    Dex: 12    Spells: 4/4 levels left

rFire    . . .     SeeInvis .   b - +0 hand axe
rCold    . . .     Gourm    .   (no shield)
rNeg     . . .     Faith    .   d - +0 robe
rPois    .         Spirit   .   (no helmet)
rElec    .         Reflect  .   (no cloak)
rCorr    .         Harm     .   (no gloves)
MR       .....                  (no boots)
Stlth    ++........             (no amulet)
HPRegen  0.06/turn              (no ring)
MPRegen  0.08/turn              (no ring)

@: no status effects
A: no striking features
a: no special abilities


You were on level 1 of the Dungeon.
You were not hungry.

You visited 1 branch of the dungeon, and saw 1 of its levels.

Inventory:

Hand Weapons
 b - a +0 hand axe (weapon)
Armour
 d - a +0 robe (worn)
Potions
 c - a potion of lignification
Books
 a - a book of Minor Magic

   Spells                             Type                      Level
   a - Magic Dart                     Conjuration                  1
   b - Blink                          Translocation                2
   c - Call Imp                       Summoning                    2
   d - Slow                           Hexes                        2
   e - Conjure Flame                  Conjuration/Fire             3
   f - Mephitic Cloud                 Conjuration/Poison/Air       3
Comestibles
 f - a bread ration


   Skills:
 + Level 3.2 Fighting
 + Level 2.0 Axes
 + Level 1.0 Throwing
 + Level 1.0 Stealth
 + Level 2.0 Spellcasting
   Level 1.0 Transmutations


You had 4 spell levels left.
You didn't know any spells.

Dungeon Overview and Level Annotations

Branches:
Dungeon (1/15)

Altars:


Message History

You closely miss the rat. The rat bites you but does no damage.
The kobold throws a stone.
The stone misses you.
You barely miss the rat. The rat bites you. x2
You hit the rat but do no damage. The rat bites you.
You barely miss the rat.
The kobold throws a stone.
The stone barely misses you. The rat bites you.
You barely miss the rat. The rat bites you but does no damage.
The kobold hits you but does no damage.
You closely miss the rat. You closely miss the kobold. The rat bites you.
The kobold hits you with a dagger.
You hit the rat but do no damage. You closely miss the kobold.
The rat bites you. The kobold hits you with a dagger.
* * * LOW HITPOINT WARNING * * *
The rat barely misses you.
You barely miss the rat. You hit the kobold.
The kobold hits you but does no damage. The rat barely misses you.
You hit the rat.
You kill the rat!
You closely miss the kobold. The kobold hits you with a dagger.
You die...

#$#####..#
#....##..#
##.....#..#
#......#..#
#......#..##
#......#...##
#.....#....#
###.)(.'.<..+
#K@.####....#
......†#.#
#...##
......##.#
#..## ......
... #..#
.#... ...#
#..# ...#.
..... #..#
..##
...#([#..# ..
.##.


You could see a kobold.

Vanquished Creatures
  A dart slug (D:1)
  A hobgoblin (D:1)
  A kobold (D:1)
  A rat (D:1)
4 creatures vanquished.

Notes
Turn   | Place    | Note
-------+----------+-------------------------------------------
     0 | D:1      | slep the Demonspawn Wanderer began the quest for the Orb.
     0 | D:1      | slep set off with: a book of Minor Magic, a +0 hand axe, a potion of lignification, a +0 robe, a bread ration
     0 | D:1      | Reached XP level 1. HP: 18/18 MP: 3/3
    25 | D:1      | Slain by a kobold

Vault maps used:
D:1:      giann_horns, minmay_tree_intersection

Skill      XL: |  1 |
---------------+----+-----
Axes           | 2 |  2.0
Fighting       | |  3.2
Throwing       | |  1.0
Stealth        | |  1.0
Spellcasting   | |  2.0
Transmutations | |  1.0

Action                   || total
-------------------------++-------
Melee: Hand axe          ||    14
Armor: Robe              ||     4
Dodge: Dodged            ||     9

Table legend:
 A = Spawn XP
 B = Non-spawn XP
 C = Spawn XP percentage of total XP
 D = Spawn monster count
 E = Non-spawn monster count
 F = Spawn count percentage of total count
 G = Total turns spent on level
                    A         B        C        D         E        F      G
               +---------+---------+-------+---------+---------+-------+---------
         Total |       0 |       8 |   0.0 |       0 |       4 |   0.0 |    25
               +---------+---------+-------+---------+---------+-------+---------
           D:1 |       0 |       8 |   0.0 |       0 |       4 |   0.0 |    25
               +---------+---------+-------+---------+---------+-------+---------
